 Dungeon Sprint DCSS version 0.30-a0-824-g6c64550be9 (webtiles) character file.

Game seed: 4252763406499341199

50 BigDaddyOpFi the Cleaver (level 9, -19/93 HPs)
             Began as a Hill Orc Fighter on Feb 27, 2023.
             Was a Priest of Wu Jian.
             Demolished by a +2 vampiric broad axe (25 damage)
             ... in the Dungeon (Sprint VI: "Thunderdome").
             The game lasted 00:02:21 (459 turns).

BigDaddyOpFi the Cleaver (Hill Orc Fighter)          Turns: 459, Time: 00:02:22

Health: -19/93     AC:  9    Str: 27    XL:     9   Next: 47%
Magic:  9/9        EV: 10    Int:  8    God:    Wu Jian [***...]
Gold:   25         SH:  8    Dex: 18    Spells: 8/8 levels left

rFire   . . .      SeeInvis .    q - +0 broad axe
rCold   . . .      Faith    .    c - +0 buckler
rNeg    + . .      Spirit   .    b - +0 scale mail
rPois   .          Reflect  .    (no helmet)
rElec   +          Harm     .    (no cloak)
rCorr   .          Rampage  .    (no gloves)
Will    .....      NoTele   +    (no boots) Stlth
                                 o - amulet of Ipteb {Regen+ Str+4 Int-2}
HPRegen 1.15/turn                e - ring "Wosoess" {Wiz Dex+5}
MPRegen 0.11/turn                p - ring of Limitation {rElec rN+ Int+2 Dex+3}

@: mighty
A: no striking features
a: Renounce Religion, Wall Jump, Serpent's Lash


You were in the Dungeon.
You worshipped Wu Jian.
Wu Jian was most pleased with you.
You visited 1 branch You collected 280 gold pieces.
You spent 255 gold pieces at shops.

Inventory:

Hand Weapons
 a - a +0 war axe
 q - a +0 broad axe (weapon)
Armour
 b - a +0 scale mail (worn)
 c - a +0 buckler (worn)
Jewellery
 e - the ring "Wosoess" (left hand) {Wiz Dex+5}
   (You bought it in a shop in the Dungeon)

   [ring of wizardry]

   It improves your spell success rate.
   Dex:       It affects your dexterity (+5).
 o - the amulet of Ipteb (around neck) {Regen+ Str+4 Int-2}
   (You bought it in a shop in the Dungeon)

   [amulet of regeneration]

   Str:       It affects your strength (+4).
   Int:       It affects your intelligence (-2).
   Regen:     It increases your rate of health regeneration.
 p - the ring of Limitation (right hand) {rElec rN+ Int+2 Dex+3}
   (You bought it in a shop in the Dungeon)

   [ring of positive energy]

   Int:       It affects your intelligence (+2).
   Dex:       It affects your dexterity (+3).
   rElec:     It insulates you from electricity.
   rN:        It protects you from negative energy.
Wands
 l - a wand of acid (2) (quivered)
 m - a wand of iceblast (5)
Scrolls
 j - 3 scrolls of blinking
 n - 3 scrolls of fog
Potions
 g - 4 potions of haste
 h - 2 potions of magic
 i - a potion of berserk rage
 k - 2 potions of resistance


   Skills:
 + Level 13.1 Fighting
 + Level 14.0 Axes
 + Level 12.1 Armour
 + Level 12.1 Shields


You had 8 spell levels left.
You didn't know any spells.
Your spell library was empty.

Dungeon Overview and Level Annotations

Branches:
Dungeon (1/1)

Altars:
Cheibriados
Dithmenos
Fedhas
Gozag
Kikubaaqudgha
Makhleb
Okawaru
Qazlal
Ru
Sif Muna
Trog
Uskayaw
Vehumet
Wu Jian
Xom
Yredelemnul
Zin
The Shining One
Beogh
Lugonu

Shops:
D *[??*?*:[((!!!!


Message History

You feel much better.
You block the +2 vampiric broad axe's attack.
The +2 vampiric broad axe hits you!
You miss the +2 vampiric broad axe. The +2 vampiric broad axe hits you.
You hit the +2 vampiric broad axe.
The +2 vampiric broad axe is lightly damaged.
The +2 vampiric broad axe hits you but does no damage.
You miss the +2 vampiric broad axe. The +2 vampiric broad axe hits you!
The +2 vampiric broad axe hits you!!
* * * LOW HITPOINT WARNING * * *
You feel very mighty all of a sudden. The +2 vampiric broad axe hits you!!
* * * LOW HITPOINT WARNING * * *
Okay, then.
Blink to where?
Press: ? - help, Dir - move target
As you read the scroll of blinking, it crumbles to dust.
Aiming: Corrosive Bolt
Press: ? - help, Q - select action, (/) - cycle Shift-Dir - straight line, f - you
Okay, then.
Aiming: Corrosive Bolt
Press: ? - help, Q - select action, (/) - cycle Shift-Dir - straight line, f - +2 vampiric broad axe
Aim: a +2 vampiric broad axe (46% to hit)
The bolt of acid hits the +2 vampiric broad axe!
The acid corrodes the +2 vampiric broad axe!
The +2 vampiric broad axe is moderately damaged.
Aiming: Corrosive Bolt
Press: ? - help, Q - select action, (/) - cycle Shift-Dir - straight line, f/p - +2 vampiric broad axe
Aim: a +2 vampiric broad axe (moderately damaged, covered in acid, 46% to hit)
The bolt of acid hits the +2 vampiric broad axe!
The +2 vampiric broad axe is heavily damaged. 20...
Aiming: Corrosive Bolt
Press: ? - help, Q - select action, (/) - cycle Shift-Dir - straight line, f/p - +2 vampiric broad axe
Aim: a +2 vampiric broad axe (heavily damaged, covered in acid, 46% to hit)
The bolt of acid hits the +2 vampiric broad axe!
The +2 vampiric broad axe seems to be corroded for longer.
The +2 vampiric broad axe is severely damaged.
The +2 vampiric broad axe hits you!!
You die...

###.........###
#⌠...........⌠#
####.8.........8.######
.__.†....###......___∩##
.......8.# #.8........∩###
.........###.............#
......###...###..........⌠
......# #.<.# #..........⌠
......###...###.@........⌠
.........###...(.........#
.......8.# #.8........∩###
___....).###......_..∩##
####.8.........8.######
#⌠...)...)...⌠#
###.........###
#_...)..._# #_......._#


You could see a +2 vampiric broad axe (corroded).

Vanquished Creatures
  2 deep elf zephyrmancers (D)
  3 deep elf pyromancers (D)
  A phantom (D)
  2 necrophages (D)
  A scorpion (D)
  An adder skeleton (D)
  2 worms (D)
  3 giant cockroaches (D)
  A ball python skeleton (D)
16 creatures vanquished.

Notes
Turn   | Place    | Note
-------+----------+-------------------------------------------
     0 | D        | BigDaddyOpFi the Hill Orc Fighter began the quest for the
                  | Orb.
     0 | D        | Reached XP level 1. HP: 19/19 MP: 1/1
     3 | D        | Found a stormy altar of Qazlal.
     3 | D        | Found a shadowy altar of Dithmenos.
     4 | D        | Found an iron altar of Okawaru.
     4 | D        | Found an ornate altar of the Wu Jian Council.
     5 | D        | Found a sacrificial altar of Ru.
     5 | D        | Round 1.
     6 | D        | Found a snail-covered altar of Cheibriados.
     6 | D        | Found a hide-covered altar of Uskayaw.
     6 | D        | Found a shimmering blue altar of Sif Muna.
     6 | D        | Found Hanyexox's Identification Station.
     7 | D        | Found Koclihio's Jewellery.
     7 | D        | Found Oliawuud's Advanced Armour.
     8 | D        | Noticed a scorpion
    20 | D        | Killed a scorpion
    21 | D        | Reached skill level 5 in Fighting
    21 | D        | Reached skill level 5 in Axes
    21 | D        | Reached skill level 5 in Armour
    21 | D        | Reached skill level 5 in Shields
    21 | D        | Reached XP level 2. HP: 19/29 MP: 2/2
    21 | D        | Reached XP level 3. HP: 23/36 MP: 3/3
    23 | D        | Bought a coiled jade ring for 45 gold pieces
    23 | D        | Identified the ring "Wosoess" {Wiz Dex+5} (You bought it in
                  | a shop in the Dungeon)
    23 | D        | Bought a brightly glowing amethyst amulet for 45 gold
                  | pieces
    23 | D        | Identified the amulet of Ipteb {Regen+ Str+4 Int-2} (You
                  | bought it in a shop in the Dungeon)
    23 | D        | Bought a bound platinum ring for 45 gold pieces
    23 | D        | Identified the ring of Limitation {rElec rN+ Int+2 Dex+3}
                  | (You bought it in a shop in the Dungeon)
    40 | D        | Reached XP level 4. HP: 22/44 MP: 4/4
    60 | D        | Found a shimmering altar of Xom.
    61 | D        | Found an ancient bone altar of Kikubaaqudgha.
    63 | D        | Found a blossoming altar of Fedhas.
    65 | D        | Found Agraxt's Premium Goods.
    67 | D        | Found an opulent altar of Gozag.
    67 | D        | Found a glowing silver altar of Zin.
    67 | D        | Found a roughly hewn altar of Beogh.
    67 | D        | Found Nurch's Weapon Rack.
    67 | D        | Found Lotty's Miscellaneous Merchandise.
    67 | D        | Found Borphol's Basic Armour.
    71 | D        | Found a burning altar of Makhleb.
    74 | D        | Found Ughumax's Do-It-Yourself Clinic.
    76 | D        | Found Jeast's Bottled Wisdom.
    76 | D        | Found Fomp's Distillery.
    76 | D        | Found a glowing golden altar of the Shining One.
    76 | D        | Found a bloodstained altar of Trog.
    76 | D        | Found a basalt altar of Yredelemnul.
    76 | D        | Found Bammoal's Distillery.
    82 | D        | Found a radiant altar of Vehumet.
    84 | D        | Found a corrupted altar of Lugonu.
    85 | D        | Found Ubemoru's Staff Store.
    87 | D        | Found Vaiwuad's Magic Scroll Shop.
    87 | D        | Found Ryilicw's Must-Have Magic.
    87 | D        | Found Udetofiv's Magic Scroll Shop.
   114 | D        | Became a worshipper of the Wu Jian Council
   128 | D        | Arena points: 14 (+14) [x2]
   179 | D        | Round 2.
   230 | D        | Reached * piety under Wu Jian
   231 | D        | Noticed a phantom
   250 | D        | Noticed a necrophage
   259 | D        | Killed a necrophage
   260 | D        | Reached skill level 6 in Axes
   260 | D        | Reached XP level 5. HP: 38/51 MP: 5/5
   267 | D        | Killed a phantom
   268 | D        | Reached skill level 8 in Axes
   283 | D        | Reached ** piety under Wu Jian
   283 | D        | Arena points: 50 (+36) [x3]
   284 | D        | Reached XP level 6. HP: 59/61 MP: 6/6
   319 | D        | Bought a +0 broad axe for 120 gold pieces
   320 | D        | Round 3.
   321 | D        | Noticed a deep elf pyromancer
   327 | D        | Killed a deep elf pyromancer
   328 | D        | Reached skill level 10 in Fighting
   328 | D        | Reached skill level 10 in Axes
   328 | D        | Reached XP level 7. HP: 16/73 MP: 7/7
   339 | D        | Noticed a deep elf zephyrmancer
   361 | D        | Killed a deep elf zephyrmancer
   362 | D        | Reached skill level 11 in Axes
   362 | D        | Reached skill level 10 in Armour
   362 | D        | Reached skill level 10 in Shields
   362 | D        | Reached XP level 8. HP: 82/82 MP: 8/8
   363 | D        | Noticed a deep elf zephyrmancer
   369 | D        | Noticed a deep elf pyromancer
   373 | D        | Killed a deep elf zephyrmancer
   374 | D        | Reached skill level 12 in Axes
   393 | D        | Killed a deep elf pyromancer
   393 | D        | Reached *** piety under Wu Jian
   394 | D        | Reached skill level 13 in Axes
   394 | D        | Reached XP level 9. HP: 92/92 MP: 9/9
   441 | D        | Noticed a deep elf pyromancer
   442 | D        | Noticed a +2 vampiric broad axe
   448 | D        | Killed a deep elf pyromancer
   449 | D        | Reached skill level 14 in Axes
   454 | D        | HP: 1/93 [+2 vampiric broad axe (20)]
   459 | D        | Demolished by a +2 vampiric broad axe

Illustrated notes

Levels and vault maps discovered:
D:        arena_sprint

Skill      XL: |  1  2  3  4  5  6  7  8  9 |
---------------+----------------------------+-----
Fighting       | 5 6 8 10 11 12 13 | 13.1
Axes           | 5 6 8 10 11 13 14 | 14.0
Armour         | 5 6 7 9 10 11 12 | 12.1
Shields        | 5 6 7 9 10 11 12 | 12.1

Action                     |  1- 3 |  4- 6 |  7- 9 || total
---------------------------+-------+-------+-------++-------
  Melee: War axe           |    14 |    50 |       ||    64
         Broad axe         |       |     5 |    30 ||    35
Ability: Lunge             |       |     1 |     2 ||     3
         Whirlwind         |       |       |     3 ||     3
  Evoke: Wand              |       |       |     3 ||     3
    Use: Potion            |     1 |       |     5 ||     6
         Scroll            |       |       |     1 ||     1
 Armour: Scale mail        |     5 |    24 |     7 ||    36
  Dodge: Dodged            |     3 |    15 |     5 ||    23
  Block: Buckler           |     1 |    11 |    12 ||    24

Table legend: (Time is in decaauts)
 A = Elapsed time spent in this place.
 B = Non-inter-level travel time spent in this place.
 C = Inter-level travel time spent in this place.
 D = Time resting spent in this place.
 E = Time spent auto-exploring this place.
 F = Levels seen in this place.
 G = Mean time per level.
                   A        B        C        D        E       F      G
               +--------+--------+--------+--------+--------+-----+--------+
         Total |    474 |    474 |      0 |    107 |      0 |   1 |  474.0 |
       Dungeon |    474 |    474 |      0 |    107 |      0 |   1 |  474.0 |
               +--------+--------+--------+--------+--------+-----+--------+

Top non-repeatable levels by time:
       D: 474 daAuts
